Description

Do you love hellbats? Yes. Do you want them as soon as possible? Yes. Do you want to make enemies ragequit? Yes. This is how koreans do it.

WARNING: It's a DEADLY one-base-push build that can be transitioned into Economy/Macro. It's not an all in. The weak point is that your 2nd is built at 4:48/4:50. ENJOY!!!

Build Order

Get SALT Encoding   

  14  0:18  Supply Depot  
  16  0:40  Barracks  
  16  0:45  Refinery  Saturated 3/3
  18  1:06  Barracks  
  19  1:30  Barracks Tech Reactor  After this, prepare for fast OC.
  19  1:31  Orbital Command  wp
  19  1:34  Refinery  2nd one Saturated 3/3
  20  1:55  Marine  from 2nd Barracks [Remember M.U.L.E.]
  21  2:00  Supply Depot  
  21  2:04  Factory  @100% swap with 1st barracks
  21  2:06  Marine x2  from 1st barracks with reactor
  23  2:13  Barracks Tech Lab  on 2nd barracks, after 1st marine.
  26  2:30  Supply Depot  
  28  2:52  Starport  Now swap factory with 1st barrack AND->
  28  2:54  Barracks Tech Reactor  on 2nd barracks. Produce marines.
  28  2:57  Combat Shield  This is EXTREMELY IMPORTANT!!!
  29  3:01  Hellion x2  From factory with #1 reactor. [SCOUT]
  34  3:15  Supply Depot  @23scvs stop producing them for a moment.
  35  3:30  Hellion x2  
  39  3:34  Medivac  @100% Prepare to push!!!!
  44  3:50  Armory  
  44  4:00  Hellion x2  
  47  4:20  Stimpack  GO OUT AND PUSH.
  52  4:50  Command Center  @400 minerals.
Spawning Tool Build Advisor. Get it on Overwolf

Analysis

For full and more in depth details go to: https://lotv.spawningtool.com/build/96443/

Go to:

Details

  • Created by: GreyWolf
  • Published on: Mar 19, 2019
  • Modified on: Mar 20, 2019
  • Patch: 4.7.1
Show
View Real Time Build Order
Export as new Build Order

Comments (5)

On March 29, 2019, 11:52 a.m., Fabled  said:

This is a TvZ, not a TvX build. I have a hard time believing this would do much vs Immortal + SB or Tanks.

On March 23, 2019, 2:28 a.m., GreyWolf  said:

@m0nst3r: Hey!!! Link me your replay. I will be happy to analyze it and post it if it's good material. (host it somewhere and link it).

@D2DGamerRash: Welcome back. I'm currently reviewing replays that people sent me in order to add a vod here. Ragnarok replicated this build during his streaming, but it's in korean. I'd prefer an english commentary or a replay for this build.
Here it is though: https://www.youtube.com/watch?v=CJOlIra_QP0&feature=youtu.be&t=864
GL HF :)

On March 23, 2019, 12:45 a.m., D2DGamerRash  said:

Thank you! I'm returning to SC2 after a looooooong 3 year hiatus. I'd love a replay if you have one available

On March 22, 2019, 4:05 p.m., m0nst3r  said:

just used this very successfully. Let me know if you want a replay.

On March 20, 2019, 6:40 a.m., GreyWolf  said:

Whatever question you have, just ask here :)

Create an account to comment!